 Dungeon Crawl Stone Soup version 0.23-a0-57-gd13e5294dc (webtiles) character file.

100 LLavrengius the Insei (level 4, -3/34 HPs)
             Began as a Gnoll Transmuter on Aug 9, 2018.
             Killed from afar by an orc wizard (6 damage)
             ... with a magic dart
             ... on level 3 of the Dungeon.
             The game lasted 00:07:24 (1343 turns).

LLavrengius the Insei (Gnoll Transmuter)            Turns: 1343, Time: 00:07:24

Health: -3/34      AC:  6    Str: 12    XL:     4   Next: 74%
Magic:  11/11      EV: 15    Int: 16    God:
Gold:   52         SH:  0    Dex: 16    Spells: 7/13 levels left

rFire    x . .     SeeInvis .     - Unarmed
rCold    + . .     Gourm    .   (no shield)
rNeg     . . .     Faith    .   b - +0 robe
rPois    .         Spirit   .   (no helmet)
rElec    .         Reflect  .   j - +0 cloak
rCorr    .         Harm     .   (no gloves)
MR       .....                  p - +2 pair of boots
Stlth    ++........             (no amulet)
HPRegen  0.11/turn              g - ring of ice
MPRegen  0.12/turn              (no ring)

@: appendage (expiring)
A: distributed training, fangs 1, horns 2, strong nose
a: End Transformation


You were on level 3 of the Dungeon.
You were not hungry.
You had grown temporary horns.
You visited 1 branch of the dungeon, and saw 3 of its levels.

You collected 52 gold pieces.

Inventory:

Hand Weapons
 m - a +0 hunting sling
Missiles
 a - 12 arrows
 f - 59 stones (quivered)
 l - 28 sling bullets
 r - 17 bolts
Armour
 b - a +0 robe (worn)
 j - a +0 cloak (worn)
 p - a +2 pair of boots (worn)
Jewellery
 g - a ring of ice (left hand)
 s - an uncursed ring of resist corrosion {unknown}
Scrolls
 c - a scroll of magic mapping {unknown}
 h - 2 scrolls of remove curse {unknown}
 i - a scroll of immolation {unknown}
 n - 2 scrolls of fog {unknown}
 o - 2 scrolls of enchant armour {unknown}
Potions
 e - 7 potions of curing {unknown}
 q - 2 potions of heal wounds {unknown}
Comestibles
 d - 4 rations
 k - 3 chunks of flesh


   Skills:
 + Level 2.8 Fighting
 + Level 1.2 Short Blades
 + Level 1.2 Long Blades
 + Level 1.2 Axes
 + Level 1.2 Maces & Flails
 + Level 1.2 Polearms
 + Level 1.2 Staves
 + Level 1.2 Slings
 + Level 1.2 Bows
 + Level 1.2 Crossbows
 + Level 1.2 Throwing
 + Level 1.2 Armour
 + Level 4.6 Dodging
 + Level 1.2 Stealth
 + Level 1.2 Shields
 + Level 6.6 Unarmed Combat
 + Level 5.1 Spellcasting
 + Level 1.0 Conjurations
 + Level 1.0 Hexes
 + Level 1.0 Charms
 + Level 1.0 Summonings
 + Level 1.0 Necromancy
 + Level 1.0 Translocations
 + Level 3.8 Transmutations
 + Level 1.0 Fire Magic
 + Level 1.0 Ice Magic
 + Level 1.0 Air Magic
 + Level 1.0 Earth Magic
 + Level 1.0 Poison Magic
 + Level 1.3 Invocations
 + Level 1.2 Evocations


You had 7 spell levels left.
You knew the following spells:

 Your Spells              Type           Power        Failure   Level  Hunger
a - Beastly Appendage     Tmut           ###...       3%          1    None
b - Sticks to Snakes      Tmut           ###.....     4%          2    #......
c - Spider Form           Tmut/Pois      ##........   17%         3    ###....

Your spell library contained the following spells:

 Spells                   Type           Power        Failure   Level  Hunger
 Blade Hands              Tmut           ###.......   65%         5    ######.
 Ice Form                 Ice/Tmut       ###.....     50%         4    ####...


Dungeon Overview and Level Annotations

Branches:
Dungeon (3/15)

Altars:

Annotations:
D:3 Terence


Innate Abilities, Weirdness & Mutations

Your experience applies equally to all skills.
You have very sharp teeth.
Your uncanny sense of smell can sniff out nearby items.
You have a pair of horns on your head.


Message History

The orc wizard gestures wildly while chanting.
The orc wizard blinks!
The orc wizard hits you with a trident.
* * * LOW HITPOINT WARNING * * *
Items here: ! ) [ † a short sword; a ring mail; a blue potion; an orc corpse Unknown command.
You hit the orc wizard.
The orc wizard is moderately wounded.
You punch the orc wizard!
The orc wizard is severely wounded.
The orc wizard closely misses you.
You closely miss the orc wizard.
The orc wizard is severely wounded.
The orc wizard barely misses you.
You closely miss the orc wizard.
You headbutt the orc wizard, but do no damage.
The orc wizard is severely wounded.
The orc wizard points at you and mumbles some strange words.
The magic dart hits you!
You die...

##..# . .....
..####...#
#..........
#....).....
#..oo.....#
...o.....@# #.#
#o# #.# #@# #.#
#o# ##.## #.#
#####..)#### #.#
#.......)..###.##
#.###...##......#
##.#######..# #.#
#..# #.# #..#


You could see Terence and 2 orc wizards.

Vanquished Creatures
  4 adders
  An ooze (D:3)
  2 worms
  A dart slug (D:2)
  A leopard gecko (D:2)
  3 orcs (D:3)
  4 bats
  2 giant cockroaches
  7 goblins
  11 hobgoblins
  3 frilled lizards
  5 kobolds
  4 rats
48 creatures vanquished.

Notes
Turn   | Place    | Note
-------+----------+-------------------------------------------
     0 | D:1      | LLavrengius the Gnoll Transmuter began the quest for the Orb.
     0 | D:1      | Reached XP level 1. HP: 17/17 MP: 6/6
   182 | D:1      | Reached XP level 2. HP: 23/23 MP: 7/7
   186 | D:1      | Learned a level 2 spell: Sticks to Snakes
   539 | D:2      | Noticed a sky beast
   602 | D:2      | Reached XP level 3. HP: 28/28 MP: 9/9
   632 | D:2      | Reached skill level 5 in Spellcasting
   787 | D:2      | Reached skill level 1 in Invocations
   950 | D:2      | Reached skill level 1 in Short Blades
   950 | D:2      | Reached skill level 1 in Long Blades
   950 | D:2      | Reached skill level 1 in Axes
   950 | D:2      | Reached skill level 1 in Maces & Flails
   950 | D:2      | Reached skill level 1 in Polearms
   950 | D:2      | Reached skill level 1 in Staves
   950 | D:2      | Reached skill level 1 in Slings
   950 | D:2      | Reached skill level 1 in Bows
   950 | D:2      | Reached skill level 1 in Crossbows
   950 | D:2      | Reached skill level 1 in Throwing
   950 | D:2      | Reached skill level 1 in Armour
   950 | D:2      | Reached skill level 1 in Stealth
   950 | D:2      | Reached skill level 1 in Shields
   950 | D:2      | Reached skill level 1 in Evocations
   965 | D:2      | Reached XP level 4. HP: 34/34 MP: 11/11
  1279 | D:3      | Noticed Terence
  1298 | D:3      | Reached skill level 1 in Conjurations
  1298 | D:3      | Reached skill level 1 in Hexes
  1298 | D:3      | Reached skill level 1 in Charms
  1298 | D:3      | Reached skill level 1 in Summonings
  1298 | D:3      | Reached skill level 1 in Necromancy
  1298 | D:3      | Reached skill level 1 in Translocations
  1298 | D:3      | Reached skill level 1 in Fire Magic
  1298 | D:3      | Reached skill level 1 in Ice Magic
  1298 | D:3      | Reached skill level 1 in Air Magic
  1298 | D:3      | Reached skill level 1 in Earth Magic
  1298 | D:3      | Reached skill level 1 in Poison Magic
  1304 | D:3      | Learned a level 3 spell: Spider Form
  1343 | D:3      | Killed from afar by an orc wizard

Vault maps used:
D:1:      eino_arrival_druids_welcome
D:2:      grunt_temple_overflow_octagram, minmay_domino_2
D:3:      grunt_gozag_statues, chequers_ecumenical_altar_simple,
          minmay_misc_feat_five, minmay_close_crescents, uniq_terence

Skill      XL: |  1  2  3  4 |
---------------+-------------+-----
Spellcasting   | 5 |  5.1
Invocations    | 1 |  1.3
Short Blades   | 1 |  1.2
Long Blades    | 1 |  1.2
Axes           | 1 |  1.2
Maces & Flails | 1 |  1.2
Polearms       | 1 |  1.2
Staves         | 1 |  1.2
Slings         | 1 |  1.2
Bows           | 1 |  1.2
Crossbows      | 1 |  1.2
Throwing       | 1 |  1.2
Armour         | 1 |  1.2
Stealth        | 1 |  1.2
Shields        | 1 |  1.2
Evocations     | 1 |  1.2
Conjurations   | 1 |  1.0
Hexes          | 1 |  1.0
Charms         | 1 |  1.0
Summonings     | 1 |  1.0
Necromancy     | 1 |  1.0
Translocations | 1 |  1.0
Fire Magic     | 1 |  1.0
Ice Magic      | 1 |  1.0
Air Magic      | 1 |  1.0
Earth Magic    | 1 |  1.0
Poison Magic   | 1 |  1.0
Fighting       | |  2.8
Dodging        | |  4.6
Unarmed Combat | |  6.6
Transmutations | |  3.8

Action                   |  1- 3 |  4- 6 || total
-------------------------+-------+-------++-------
Melee: Unarmed           |    81 |    53 ||   134
       Bite              |     9 |     5 ||    14
       Punch             |     2 |     3 ||     5
       Headbutt          |       |     3 ||     3
 Cast: Beastly Appendage |       |     2 ||     2
 Stab: Sleeping          |     4 |       ||     4
  Eat: Chunk             |       |     1 ||     1
Armor: Robe              |    10 |     9 ||    19
Dodge: Dodged            |    49 |    31 ||    80

Table legend:
 A = Spawn XP
 B = Non-spawn XP
 C = Spawn XP percentage of total XP
 D = Spawn monster count
 E = Non-spawn monster count
 F = Spawn count percentage of total count
 G = Total turns spent on level
                    A         B        C        D         E        F      G
               +---------+---------+-------+---------+---------+-------+---------
         Total |       0 |     144 |   0.0 |       0 |      48 |   0.0 |  1343
               +---------+---------+-------+---------+---------+-------+---------
           D:1 |       0 |      14 |   0.0 |       0 |       9 |   0.0 |   430
           D:2 |       0 |      70 |   0.0 |       0 |      25 |   0.0 |   646
           D:3 |       0 |      60 |   0.0 |       0 |      14 |   0.0 |   267
               +---------+---------+-------+---------+---------+-------+---------
